 Dungeon Crawl Stone Soup version 0.22.0 (webtiles) character file.

27 letownia2 the Insei (level 2, 0/21 HPs)
             Began as a Demonspawn Transmuter on Aug 11, 2018.
             Slain by a hobgoblin
             ... wielding a +0 club
              (6 damage)
             ... on level 2 of the Dungeon.
             The game lasted 00:01:44 (444 turns).

letownia2 the Insei (Demonspawn Transmuter)          Turns: 444, Time: 00:01:45

Health: 0/21       AC:  6    Str: 10    XL:     2   Next: 93%
Magic:  5/5        EV:  8    Int: 14    God:
Gold:   51         SH:  0    Dex: 13    Spells: 4/5 levels left

rFire    + . .     SeeInvis .   i - +0 short sword (elec)
rCold    . . .     Gourm    .   (no shield)
rNeg     . . .     Faith    .   e - +0 scale mail
rPois    .         Spirit   .   (no helmet)
rElec    .         Reflect  .   (no cloak)
rCorr    .         Harm     .   (no gloves)
MR       .....                  (no boots)
Stlth    ..........             (no amulet)
HPRegen  0.07/turn              c - ring of fire
MPRegen  0.09/turn              (no ring)

@: no status effects
A: cold resistance 1
a: no special abilities


You were on level 2 of the Dungeon.
You were not hungry.

You visited 1 branch of the dungeon, and saw 2 of its levels.

You collected 51 gold pieces.

Inventory:

Hand Weapons
 i - a +0 short sword of electrocution (weapon)
Missiles
 a - 12 arrows
Armour
 b - a +0 robe
 e - a +0 scale mail (worn)
Jewellery
 c - a ring of fire (left hand)
Scrolls
 f - a scroll of blinking {unknown}
 h - a scroll of identify {unknown}
Potions
 g - a potion of lignification {unknown}
Comestibles
 d - 2 rations


   Skills:
 + Level 1.4 Fighting
 + Level 0.5 Armour
 - Level 1.7 Dodging
 - Level 3.5 Unarmed Combat
 - Level 2.0 Spellcasting
 - Level 1.7 Transmutations


You had 4 spell levels left.
You knew the following spells:

 Your Spells              Type           Power        Failure   Level  Hunger
a - Beastly Appendage     Tmut           #.....       63%         1    ##.....

Your spell library contained the following spells:

 Spells                   Type           Power        Failure   Level  Hunger
 Spider Form              Tmut/Pois      #.........   98%         3    ####...
 Blade Hands              Tmut           #.........   100%        5    ######.
 Ice Form                 Ice/Tmut       #.......     100%        4    #####..
 Sticks to Snakes         Tmut           #.......     77%         2    ###....


Dungeon Overview and Level Annotations

Branches:
Dungeon (2/15)

Altars:


Innate Abilities, Weirdness & Mutations

Your flesh is cold resistant. (rC+)


Message History

The hobgoblin barely misses you. The adder barely misses you.
The leopard gecko bites you but does no damage.
You closely miss the adder.
The adder is heavily wounded.
The bat hits you but does no damage. The hobgoblin hits you with a club.
The adder bites you but does no damage.
The leopard gecko bites you but does no damage.
You hit the adder.
The adder is almost dead.
The bat hits you but does no damage. The bat hits you.
* * * LOW HITPOINT WARNING * * *
The adder bites you but does no damage.
The hobgoblin hits you but does no damage.
The leopard gecko closely misses you. The adder bites you but does no damage.
You hit the adder. Lightning courses through the adder!
You kill the adder!
The bat hits you but does no damage.
The leopard gecko bites you but does no damage.
The hobgoblin hits you with a club.
You die...

#....# .# #....#
#.l..# ###.
#....##....
#.......... #...# .#
##...###.#####.
#.....gb.......
#..†..l@.......
#.######.#####. #.#
.# .# #.# .. ... #.#
### #.. #.# #.# ## #
#.# #.# . . #.# #.#
.# #
#.############.###.#
#


You could see a leopard gecko, a hobgoblin and a bat.

Vanquished Creatures
  An adder (D:2)
  A dart slug (D:1)
  2 leopard geckos (D:2)
  2 giant cockroaches
  A goblin (D:2)
  A hobgoblin (D:1)
  3 bats
  A frilled lizard (D:1)
  A kobold (D:2)
  2 rats
15 creatures vanquished.

Notes
Turn   | Place    | Note
-------+----------+-------------------------------------------
     0 | D:1      | letownia2 the Demonspawn Transmuter began the quest for the Orb.
     0 | D:1      | Reached XP level 1. HP: 15/15 MP: 3/3
   173 | D:1      | Reached skill level 3 in Unarmed Combat
   260 | D:2      | Gained mutation: Your flesh is cold resistant. (rC+) [demonic ancestry]
   260 | D:2      | Reached XP level 2. HP: 6/21 MP: 5/5
   444 | D:2      | Slain by a hobgoblin

Skill      XL: |  1 |
---------------+----+-----
Unarmed Combat | 3 |  3.5
Fighting       | |  1.4
Armour         | |  0.5
Dodging        | |  1.7
Spellcasting   | |  2.0
Transmutations | |  1.7

Action                   || total
-------------------------++-------
Melee: Unarmed           ||    57
       Short sword       ||    18
 Cast: Beastly Appendage ||     1
Armor: Scale mail        ||    66
       Robe              ||     2
Dodge: Dodged            ||    51
